 Dungeon Crawl Stone Soup version 0.21.0-24-g2553a33 (webtiles) character file.

9 tidbits the Grave Robber (level 2, -2/20 HPs)
             Began as a Gnoll Necromancer on Jan 20, 2018.
             Killed from afar by a dart slug (4 damage)
             ... with a slug dart
             ... on level 3 of the Dungeon.
             The game lasted 00:01:13 (118 turns).

tidbits the Grave Robber (Gnoll Necromancer)         Turns: 118, Time: 00:01:14

Health: -2/20      AC:  3    Str: 15    XL:     2   Next: 16%
Magic:  5/16       EV: 14    Int: 17    God:
Gold:   24         SH:  0    Dex: 15    Spells: 9/10 levels left

rFire    . . .     SeeInvis .   (no weapon)
rCold    . . .     Gourm    .   (no shield)
rNeg     . . .     Faith    .   a - +0 robe
rPois    .         Spirit   .   E - +0 helmet
rElec    .         Reflect  .   (no cloak)
rCorr    .         Harm     .   (no gloves)
MR       .....                  (no boots)
Stlth    +++.......             (no amulet)
HPRegen  0.06/turn              h - ring of magical power
MPRegen  0.15/turn              (no ring)

@: mighty
A: distributed training, fangs 1, strong nose
a: no special abilities


You were on level 3 of the Dungeon.
You were not hungry.

You visited 1 branch of the dungeon, and saw 3 of its levels.

You collected 24 gold pieces.

Inventory:

Missiles
 f - 14 arrows
Armour
 a - a +0 robe (worn)
 E - a +0 helmet (worn)
Jewellery
 h - a ring of magical power (left hand)
   (You found it on level 3 of the Dungeon)
Scrolls
 d - a scroll of enchant weapon {unknown}
 e - a scroll of teleportation {unknown}
Books
 b - a book of Necromancy

   Spells                             Type                      Level
   a - Pain                           Necromancy                   1
   b - Animate Skeleton               Necromancy                   1
   c - Vampiric Draining              Necromancy                   3
   d - Regeneration                   Charms/Necromancy            3
   e - Animate Dead                   Necromancy                   4
   f - Borgnjor's Vile Clutch         Necromancy/Earth             5
Comestibles
 c - a ration


   Skills:
 + Level 0.3 Fighting
 + Level 0.3 Short Blades
 + Level 0.3 Long Blades
 + Level 0.3 Axes
 + Level 0.3 Maces & Flails
 + Level 0.3 Polearms
 + Level 0.3 Staves
 + Level 0.3 Slings
 + Level 0.3 Bows
 + Level 0.3 Crossbows
 + Level 0.3 Throwing
 + Level 0.3 Armour
 + Level 4.4 Dodging
 + Level 4.0 Stealth
 + Level 0.3 Shields
 + Level 0.3 Unarmed Combat
 + Level 4.9 Spellcasting
 + Level 0.2 Conjurations
 + Level 0.2 Hexes
 + Level 0.2 Charms
 + Level 0.2 Summonings
 + Level 7.0 Necromancy
 + Level 0.2 Translocations
 + Level 0.2 Transmutations
 + Level 0.2 Fire Magic
 + Level 0.2 Ice Magic
 + Level 0.2 Air Magic
 + Level 0.2 Earth Magic
 + Level 0.2 Poison Magic
 + Level 0.4 Invocations
 + Level 0.3 Evocations


You had 9 spell levels left.
You knew the following spells:

 Your Spells              Type           Power        Failure   Level  Hunger
a - Pain                  Necr           ####         1%          1    None


Dungeon Overview and Level Annotations

Branches:
Dungeon (3/15)

Altars:

Annotations:
D:3 Sigmund


Innate Abilities, Weirdness & Mutations

Your experience applies equally to all skills.
You have very sharp teeth.
Your uncanny sense of smell can sniff out nearby items.


Message History

You kill the worm!
You have reached level 2!
A worm comes into view.
You see here a metallic silvery potion.
g - a metallic silvery potion You see here 17 gold pieces.
You now have 24 gold pieces (gained 17).
Found a stone staircase leading down.
A hobgoblin comes into view.
Casting: Pain
Confirm with . or Enter, or press ? or * to list all spells.
Aiming: Pain
Press: ? - help, Shift-Dir - straight line, f - hobgoblin
Aim: a hobgoblin (resting, chance to defeat MR: 93%)
The hobgoblin writhes in agony!
Casting: Pain
Confirm with . or Enter, or press ? or * to list all spells.
Aiming: Pain
Press: ? - help, Shift-Dir - straight line, f/p - hobgoblin
Aim: a hobgoblin (severely wounded, chance to defeat MR: 93%)
The hobgoblin barely resists.
Casting: Pain
Confirm with . or Enter, or press ? or * to list all spells.
Aiming: Pain
Press: ? - help, Shift-Dir - straight line, f/p - hobgoblin
Aim: a hobgoblin (severely wounded, chance to defeat MR: 93%)
The hobgoblin writhes in agony!
You kill the hobgoblin!
You see here a hobgoblin corpse.
There is a stone staircase leading down here.
You climb downwards.
A frilled lizard comes into view.
Found a large coral ring.
There is a stone staircase leading up here.
The bat barely misses you. The bat misses you. The bat closely misses you.
A giant cockroach comes into view.
The bat barely misses you. The bat hits you but does no damage.
The bat closely misses you.
You see here a large coral ring.
h - a large coral ring The bat hits you.
* * * LOW HITPOINT WARNING * * *
The giant cockroach waves its antennae.
A rat and Sigmund come into view.
The bat hits you but does no damage. The bat closely misses you.
Found a sedimented golden potion.
Sigmund shouts!
The bat closely misses you.
The frilled lizard unfolds its giant frill.
The bat barely misses you. The bat hits you but does no damage.
The bat hits you but does no damage. The rat closely misses you.
The bat barely misses you.
It was a potion of curing.
You feel better. The bat hits you. The bat hits you but does no damage.
The rat barely misses you.
Sigmund casts a spell.
Sigmund flickers and vanishes!
Put on which piece of jewellery? (? for menu, Esc to quit)
You feel your magic capacity increase.
h - a ring of magical power (left hand)
The bat hits you but does no damage. The rat bites you but does no damage.
The orc shouts!
You hit the rat.
The rat is severely wounded.
The bat misses you. The bat hits you. The rat bites you.
You hit the rat but do no damage.
The rat is severely wounded.
The bat barely misses you. The rat barely misses you.
You hit the rat.
You kill the rat!
The bat hits you but does no damage. The bat misses you.
A dart slug comes into view.
The bat barely misses you. The bat hits you.
You see here a rat corpse.
A giant cockroach comes into view.
The bat closely misses you. The dart slug launches a dart at you.
The slug dart misses you.
The slug dart hits the bat.
The bat hits you but does no damage.
Found a pair of gloves.
Unknown command.
The bat hits you but does no damage. The bat hits you.
You see here a sedimented golden potion.
It was a potion of might.
You feel very mighty all of a sudden. The bat closely misses you.
The giant cockroach bites you.
* * * LOW HITPOINT WARNING * * *
The dart slug launches a dart at you. The slug dart hits you!
* * * LOW HITPOINT WARNING * * *
Unknown command.
The bat barely misses you. The giant cockroach barely misses you.
The bat closely misses you. The dart slug launches a dart at you.
The slug dart hits you!
You die...

##..##o.......
....#o####### ∆
#...#l# #[..#.#
#...#l#
#####...#.######
......b..........
###...s......s..
#.#@w.#######. #
#.#.# #.#.# #.#.#
#.#.# ..#.# ###.#


You could see a dart slug, a giant cockroach, a bat and a frilled lizard.

Vanquished Creatures
  A worm (D:2)
  A dart slug (D:2)
  A hobgoblin (D:2)
  3 rats
6 creatures vanquished.

Notes
Turn   | Place    | Note
-------+----------+-------------------------------------------
     0 | D:1      | tidbits the Gnoll Necromancer began the quest for the Orb.
     0 | D:1      | Reached XP level 1. HP: 13/13 MP: 6/6
    40 | D:3      | Noticed an orc wizard
    68 | D:2      | Reached XP level 2. HP: 12/19 MP: 2/7
   102 | D:3      | Noticed Sigmund
   116 | D:3      | HP: 2/20 [dart slug/slug dart (7)]
   118 | D:3      | Killed from afar by a dart slug

Action                   || total
-------------------------++-------
Melee: Unarmed           ||     3
 Cast: Pain              ||    11
  Use: Potion            ||     2
Armor: Robe              ||    10
Dodge: Dodged            ||    23

Table legend:
 A = Turns spent in this place as a percentage of turns spent in the entire game.
 B = Non-inter-level travel turns spent in this place as a percentage of non-inter-level travel turns spent in the entire game.
 C = Inter-level travel turns spent in this place as a percentage of turns spent in this place.
 D = Turns resting spent in this place as a percentage of non-inter-level travel turns spent in this place.
 E = Turns spent auto-exploring this place as a percentage of non-inter-level travel turns spent in this place.
 F = Non-inter-level travel turns spent in this place divided by the number of levels of this place that you've seen.
                   A       B       C       D       E      F
               +-------+-------+-------+-------+-------+----------------------
         Total | 100.0 | 100.0 |   0.0 |   0.0 |   0.0 |  39.3
       Dungeon | 100.0 | 100.0 |   0.0 |   0.0 |   0.0 |  39.3
               +-------+-------+-------+-------+-------+----------------------

Table legend:
 A = Kills in this place as a percentage of kills in entire the game.
 B = Kills by you in this place as a percentage of kills by you in the entire game.
 C = Kills by friends in this place as a percentage of kills by friends in the entire game.
 D = Other kills in this place as a percentage of other kills in the entire game.
 E = Experience gained in this place as a percentage of experience gained in the entire game.
 F = Experience gained in this place divided by the number of levels of this place that you have seen.
                   A       B       C       D       E      F
               +-------+-------+-------+-------+-------+----------------------
         Total | 100.0 | 100.0 |   N/A |   N/A | 100.0 |   4.7
       Dungeon | 100.0 | 100.0 |   N/A |   N/A | 100.0 |   4.7
               +-------+-------+-------+-------+-------+----------------------

Vault maps used:
D:1:      co_arrival_two_rings, serial_bayou_ford_a, solitary_fountain
D:3:      minmay_misc_feat_enclosed, uniq_natasha, uniq_grinder, uniq_robin,
          uniq_sigmund, uniq_ijyb
